3AAA
ALASKAN HUMPBACKS @ AUGUSTA TIMBER HAWKS
07/03/2021
 
TOP OF THE 1ST
Alaskan Humpbacks batting - Pitching for Augusta Timber Hawks : RHP Norm Burris
Pitching: RHP Norm Burris
Batting: RHB Héctor Villarreal 0-0: Called Strike
0-1: Ball
1-1: Ball
2-1: SINGLE (Groundball, 34)
Batting: RHB Andrew Rowland 0-0: Ball
1-0: Foul Ball, location: 2F
1-1: Ball
2-1: Ball
3-1: Base on Balls
Héctor Villarreal to second
Batting: RHB Dave Farr 0-0: Called Strike
0-1: Foul Ball, location: 2F
0-2: Ball
1-2: Strikes out swinging
Batting: LHB Guomez Nabeiro 0-0: Ball
1-0: Ball
2-0: Ball
3-0: Called Strike
3-1: Base on Balls
Héctor Villarreal to third
Andrew Rowland to second
Batting: RHB Fernando Camacho 0-0: Ball
Wild Pitch!
Héctor Villarreal scores
Andrew Rowland to third
Guomez Nabeiro to second
1-0: Ball
2-0: Called Strike
2-1: Ball
3-1: Foul Ball, location: 2F
3-2: Fly out, F8 (Flyball, 8RM)
Batting: LHB Paco Hernández 0-0: Called Strike
0-1: Foul Ball, location: 2F
0-2: Ball
1-2: SINGLE (Groundball, 4MD)
Andrew Rowland scores
Guomez Nabeiro to third
Runner from 3rd tries for Home, SAFE, throw made home
Batting: RHB Orlando Jiménez 0-0: Called Strike
0-1: Foul Ball, location: 2F
0-2: Ball
1-2: Strikes out swinging
Top of the 1st over - 3 run(s), 2 hit(s), 0 error(s), 1 left on base; Alaskan 3 - Augusta 0
BOTTOM OF THE 1ST
Augusta Timber Hawks batting - Pitching for Alaskan Humpbacks : RHP Pedro Pagán
Pitching: RHP Pedro Pagán
Batting: LHB Eugene Lawrence 0-0: Foul Ball, location: 2F
0-1: Ball
1-1: Ball
2-1: Foul Ball, location: 2F
2-2: Foul Ball, location: 2F
2-2: Hit by Pitch
Batting: SHB Jason Alexander 0-0: Called Strike
0-1: Ball
1-1: Ball
2-1: Ball
3-1: Foul Ball, location: 2F
3-2: Foul Ball, location: 2F
3-2: Fly out, F8 (Flyball, 8RM)
3-2: Fly out, F8 (Flyball, 8RM)
Batting: LHB Brad Lawrence 0-0: Ball
1-0: Called Strike
1-1: Ball
2-1: Foul Ball, location: 2F
2-2: SINGLE (Line Drive, 8LM)
Eugene Lawrence to second
Batting: RHB Tracy Parker 0-0: Called Strike
0-1: Grounds into double play, 4-6-3 (Groundball, 4M)
Bottom of the 1st over - 0 run(s), 1 hit(s), 0 error(s), 1 left on base; Alaskan 3 - Augusta 0
TOP OF THE 2ND
Alaskan Humpbacks batting - Pitching for Augusta Timber Hawks : RHP Norm Burris
Batting: SHB Josef Koper 0-0: Ball
1-0: Ball
2-0: Called Strike
2-1: SINGLE (Groundball, 34)
Batting: RHB Juan García 0-0: Foul Ball, location: 2F
0-1: SINGLE (Line Drive, 7S)
Josef Koper to second
Batting: RHB Héctor Villarreal 0-0: Ball
1-0: Grounds into double play, 6-4-3 (Groundball, 6)
Josef Koper to third
Batting: RHB Andrew Rowland 0-0: Ball
1-0: Called Strike
1-1: Swinging Strike
1-2: Foul Ball, location: 2F
1-2: SINGLE (Groundball, 56D)
Josef Koper scores
Batting: RHB Dave Farr 0-0: Called Strike
0-1: Fly out, F9 (Flyball, 9LM)
Top of the 2nd over - 1 run(s), 3 hit(s), 0 error(s), 1 left on base; Alaskan 4 - Augusta 0
BOTTOM OF THE 2ND
Augusta Timber Hawks batting - Pitching for Alaskan Humpbacks : RHP Pedro Pagán
Batting: LHB Casey Bright 0-0: Ball
1-0: Foul Ball, location: 2F
1-1: Ball
2-1: SINGLE (Line Drive, 8LS)
Batting: LHB Tomás Guillén 0-0: Called Strike
0-1: Ball
1-1: Foul Ball, location: 2F
1-2: 2-RUN HOME RUN (Flyball, 89XD), Distance : 440 ft
Batting: RHB Hiwahikeiki Noelani 0-0: Ball
1-0: Ball
2-0: Ball
3-0: Base on Balls
Batting: RHB Claudio Mendoza 0-0: Foul Ball, location: 2F
0-1: Ball
1-1: Grounds into double play, 5-4-3 (Groundball, 5)
Batting: RHB Danny Penn 0-0: Called Strike
0-1: Ball
1-1: Foul Ball, location: 2F
1-2: Strikes out looking
Bottom of the 2nd over - 2 run(s), 2 hit(s), 0 error(s), 0 left on base; Alaskan 4 - Augusta 2
TOP OF THE 3RD
Alaskan Humpbacks batting - Pitching for Augusta Timber Hawks : RHP Norm Burris
Batting: LHB Guomez Nabeiro 0-0: SINGLE (Line Drive, 9S)
Batting: RHB Fernando Camacho 0-0: Reached on error, E5 (Groundball, 5S)
Guomez Nabeiro to third
Batting: LHB Paco Hernández 0-0: Ball
1-0: Fly out, F9 (Flyball, 9S)
Batting: RHB Orlando Jiménez 0-0: Reached on error, E5 (Groundball, 56)
Guomez Nabeiro scores
Fernando Camacho to third
Batting: SHB Josef Koper 0-0: Ball
1-0: Foul Ball, location: 2F
1-1: Ball
2-1: Ball
3-1: Grounds out, U3 (Groundball, 3L)
Fernando Camacho scores
Batting: RHB Juan García 0-0: Called Strike
0-1: Ball
1-1: Ball
2-1: Foul Ball, location: 2F
2-2: Ball
3-2: Ground out 4-3 (Groundball, 13)
Top of the 3rd over - 2 run(s), 1 hit(s), 2 error(s), 1 left on base; Alaskan 6 - Augusta 2
BOTTOM OF THE 3RD
Augusta Timber Hawks batting - Pitching for Alaskan Humpbacks : RHP Pedro Pagán
Batting: LHB Eugene Lawrence 0-0: Called Strike
0-1: Ball
1-1: Ball
2-1: Foul Ball, location: 2F
2-2: Fly out, F6 (Popup, 6)
Batting: SHB Jason Alexander 0-0: Called Strike
0-1: Called Strike
0-2: Foul Ball, location: 2F
0-2: Ball
1-2: Foul Ball, location: 2F
1-2: Foul Ball, location: 2F
1-2: Fly out, F6 (Popup, 6MD)
Batting: LHB Brad Lawrence 0-0: Ball
1-0: Ball
2-0: Swinging Strike
2-1: Ball
3-1: Foul Ball, location: 2F
3-2: Base on Balls
Batting: RHB Tracy Parker 0-0: Called Strike
Brad Lawrence steals 2nd base
0-1: Fly out, F9 (Flyball, 89M)
Bottom of the 3rd over - 0 run(s), 0 hit(s), 0 error(s), 1 left on base; Alaskan 6 - Augusta 2
TOP OF THE 4TH
Alaskan Humpbacks batting - Pitching for Augusta Timber Hawks : RHP Norm Burris
Batting: RHB Héctor Villarreal 0-0: Called Strike
0-1: Ball
1-1: Called Strike
1-2: Foul Ball, location: 2F
1-2: Foul Ball, location: 2F
1-2: Ground out 1-3 (Groundball, 13)
Batting: RHB Andrew Rowland 0-0: Swinging Strike
0-1: Called Strike
0-2: Strikes out looking
Batting: RHB Dave Farr 0-0: Ball
1-0: Fly out, F8 (Flyball, 8LM)
Top of the 4th over - 0 run(s), 0 hit(s), 0 error(s), 0 left on base; Alaskan 6 - Augusta 2
BOTTOM OF THE 4TH
Augusta Timber Hawks batting - Pitching for Alaskan Humpbacks : RHP Pedro Pagán
Batting: LHB Casey Bright 0-0: Called Strike
0-1: Ball
1-1: Ball
2-1: Ball
3-1: Foul Ball, location: 2F
3-2: Strikes out swinging
Batting: LHB Tomás Guillén 0-0: Ball
1-0: DOUBLE (Line Drive, 9D)
Batting: RHB Hiwahikeiki Noelani 0-0: DOUBLE (Line Drive, 9LS)
Tomás Guillén scores
Batting: RHB Claudio Mendoza 0-0: Ball
1-0: Ground out 6-3 (Groundball, 6)
Hiwahikeiki Noelani to third
Batting: RHB Danny Penn 0-0: Fly out, F4 (Popup, 4MD)
Bottom of the 4th over - 1 run(s), 2 hit(s), 0 error(s), 1 left on base; Alaskan 6 - Augusta 3
TOP OF THE 5TH
Alaskan Humpbacks batting - Pitching for Augusta Timber Hawks : RHP Norm Burris
Batting: LHB Guomez Nabeiro 0-0: Called Strike
0-1: Fly out, F8 (Flyball, 8RM)
Batting: RHB Fernando Camacho 0-0: Ball
1-0: Called Strike
1-1: Ground out 5-3 (Groundball, 5)
Batting: LHB Paco Hernández 0-0: Called Strike
0-1: Ball
1-1: Swinging Strike
1-2: Ball
2-2: Ball
3-2: Ground out 4-3 (Groundball, 4)
Top of the 5th over - 0 run(s), 0 hit(s), 0 error(s), 0 left on base; Alaskan 6 - Augusta 3
BOTTOM OF THE 5TH
Augusta Timber Hawks batting - Pitching for Alaskan Humpbacks : RHP Pedro Pagán
Batting: LHB Eugene Lawrence 0-0: Ball
1-0: Called Strike
1-1: Bunt missed!
1-2: Ball
2-2: Foul Ball, location: 2F
2-2: Foul Ball, location: 2F
2-2: Foul Ball, location: 2F
2-2: Ball
3-2: Foul Ball, location: 2F
3-2: Foul Ball, location: 2F
3-2: Foul Ball, location: 2F
3-2: SINGLE (Line Drive, 7S)
Batting: SHB Jason Alexander 0-0: Called Strike
0-1: Ball
1-1: Swinging Strike
1-2: Foul Ball, location: 2F
1-2: Strikes out swinging
Batting: LHB Brad Lawrence 0-0: Swinging Strike
0-1: Swinging Strike
0-2: Fly out, F6 (Popup, 6M)
Batting: RHB Tracy Parker 0-0: Called Strike
Eugene Lawrence steals 2nd base
0-1: DOUBLE (Line Drive, 89M)
Eugene Lawrence scores
Batting: LHB Casey Bright 0-0: Swinging Strike
0-1: Foul Ball, location: 2F
0-2: Foul Ball, location: 2F
0-2: Ball
1-2: Foul Ball, location: 2F
1-2: Ball
2-2: Ball
3-2: DOUBLE (Flyball, 89XD)
Tracy Parker scores
Batting: LHB Tomás Guillén 0-0: Ball
1-0: Called Strike
1-1: Ball
2-1: Ball
3-1: SINGLE (Line Drive, 8RS)
Casey Bright to third
Runner from 3rd tries for Home, SAFE, throw made home
Tomás Guillén to second
Pitching: RHP Miguel González
Batting: RHB Hiwahikeiki Noelani 0-0: Swinging Strike
0-1: Foul Ball, location: 2F
0-2: Foul Ball, location: 2F
0-2: DOUBLE (Line Drive, 89XD)
Tomás Guillén scores
Batting: RHB Claudio Mendoza 0-0: Ground out 6-3 (Groundball, 6)
Bottom of the 5th over - 4 run(s), 5 hit(s), 0 error(s), 1 left on base; Alaskan 6 - Augusta 7
TOP OF THE 6TH
Alaskan Humpbacks batting - Pitching for Augusta Timber Hawks : RHP Norm Burris
Batting: RHB Orlando Jiménez 0-0: Ball
1-0: Called Strike
1-1: Ground out 4-3 (Groundball, 13)
Batting: SHB Josef Koper 0-0: Foul Ball, location: 2F
0-1: Ball
1-1: Ball
2-1: Foul Ball, location: 2F
2-2: Ball
3-2: Fly out, F8 (Flyball, 8LXD)
Batting: RHB Juan García 0-0: Called Strike
0-1: Foul Ball, location: 2F
0-2: Ball
1-2: Fly out, F4 (Popup, 34D)
Top of the 6th over - 0 run(s), 0 hit(s), 0 error(s), 0 left on base; Alaskan 6 - Augusta 7
BOTTOM OF THE 6TH
Augusta Timber Hawks batting - Pitching for Alaskan Humpbacks : RHP Miguel González
Batting: RHB Danny Penn 0-0: Called Strike
0-1: Fly out, F2 (Popup, 2LF)
Batting: LHB Eugene Lawrence 0-0: Hit by Pitch
Batting: SHB Jason Alexander Pickoff Throw to First - Error! E1
Eugene Lawrence to second
0-0: Called Strike
0-1: SINGLE (Groundball, 4MD)
Eugene Lawrence to third
Runner from 3rd tries for Home, SAFE, no throw or cutoff
Batting: LHB Brad Lawrence 0-0: Called Strike
0-1: Ball
1-1: Ball
2-1: Foul Ball, location: 2F
2-2: Ball
3-2: Base on Balls
Jason Alexander to second
Batting: RHB Tracy Parker 0-0: Called Strike
0-1: Swinging Strike
0-2: Strikes out looking
Batting: LHB Casey Bright 0-0: Fly out, F5 (Popup, 5SF)
Bottom of the 6th over - 1 run(s), 1 hit(s), 1 error(s), 2 left on base; Alaskan 6 - Augusta 8
TOP OF THE 7TH
Alaskan Humpbacks batting - Pitching for Augusta Timber Hawks : RHP Norm Burris
Pitching: RHP Tom Sosa
Batting: RHB Héctor Villarreal 0-0: Called Strike
0-1: Foul Ball, location: 2F
0-2: Ball
1-2: Ball
2-2: Fly out, F9 (Flyball, 8RM)
Batting: RHB Andrew Rowland 0-0: Called Strike
0-1: Swinging Strike
0-2: Foul Ball, location: 2F
0-2: Foul Ball, location: 2F
0-2: Foul Ball, location: 2F
0-2: Ball
1-2: Foul Ball, location: 2F
1-2: SINGLE (Groundball, 5)
Batting: RHB Dave Farr 0-0: Called Strike
0-1: Fly out, F8 (Line Drive, 8RS)
Batting: LHB Guomez Nabeiro 0-0: Ball
1-0: Called Strike
1-1: Swinging Strike
1-2: Fly out, F7 (Flyball, 7D)
Top of the 7th over - 0 run(s), 1 hit(s), 0 error(s), 1 left on base; Alaskan 6 - Augusta 8
BOTTOM OF THE 7TH
Augusta Timber Hawks batting - Pitching for Alaskan Humpbacks : RHP Miguel González
Batting: LHB Tomás Guillén 0-0: Ball
1-0: Ball
2-0: Ball
3-0: Called Strike
3-1: Base on Balls
Batting: RHB Hiwahikeiki Noelani 0-0: Ball
1-0: Bunted foul
1-1: Ball
2-1: Sac Bunt - play at first, batter OUT! 1-4
Tomás Guillén to second
Batting: RHB Claudio Mendoza 0-0: Ball
1-0: Ball
2-0: Foul Ball, location: 2F
2-1: SINGLE (Groundball, 34D)
Tomás Guillén to third
Pinch Hitting: RHB Eric Randolph 0-0: Swinging Strike
0-1: Ball
1-1: Ball
2-1: Ball
3-1: Base on Balls
Claudio Mendoza to second
Pinch Hitting: LHB Emílio Barbán 0-0: Ball
1-0: Ball
2-0: Called Strike
2-1: Foul Ball, location: 2F
2-2: Ball
3-2: SINGLE (Line Drive, 5D)
Tomás Guillén scores
Claudio Mendoza to third
Eric Randolph to second
Runner from 3rd tries for Home, SAFE, no throw or cutoff
Pitching: LHP Jason Hoskins
Batting: SHB Jason Alexander 0-0: Called Strike
0-1: Foul Ball, location: 2F
0-2: Foul Ball, location: 2F
0-2: Grounds into double play, 5-4-3 (Groundball, 5)
Bottom of the 7th over - 2 run(s), 2 hit(s), 0 error(s), 1 left on base; Alaskan 6 - Augusta 10
TOP OF THE 8TH
Alaskan Humpbacks batting - Pitching for Augusta Timber Hawks : RHP Tom Sosa
Now at 3B: Emílio Barbán
Now in RF: Michael Taylor
Batting: RHB Fernando Camacho 0-0: Foul Ball, location: 2F
0-1: Fly out, F9 (Flyball, 9M)
Batting: LHB Paco Hernández 0-0: Called Strike
0-1: Called Strike
0-2: Fly out, F9 (Flyball, 89S)
Batting: RHB Orlando Jiménez 0-0: Ball
1-0: Ball
2-0: Ball
3-0: Called Strike
3-1: Base on Balls
Batting: SHB Josef Koper 0-0: Ball
1-0: Swinging Strike
1-1: Swinging Strike
1-2: Foul Ball, location: 2F
1-2: Strikes out looking
Top of the 8th over - 0 run(s), 0 hit(s), 0 error(s), 1 left on base; Alaskan 6 - Augusta 10
BOTTOM OF THE 8TH
Augusta Timber Hawks batting - Pitching for Alaskan Humpbacks : LHP Jason Hoskins
Batting: LHB Brad Lawrence 0-0: Ball
1-0: Fly out, F8 (Line Drive, 8RM)
Batting: RHB Tracy Parker 0-0: Ball
1-0: Fly out, F2 (Popup, 2RF)
Batting: LHB Casey Bright 0-0: Foul Ball, location: 2F
0-1: Ball
1-1: Foul Ball, location: 2F
1-2: Foul Ball, location: 2F
1-2: Ball
2-2: Hit by Pitch
Batting: LHB Tomás Guillén 0-0: Ball
1-0: Foul Ball, location: 2F
1-1: SINGLE (Groundball, 34D)
Casey Bright to second
Runner from 2nd tries for 3rd, SAFE, throw made to third
Batting: RHB Hiwahikeiki Noelani 0-0: Ball
1-0: Called Strike
1-1: Foul Ball, location: 2F
1-2: Ball
Wild Pitch!
Casey Bright scores
Tomás Guillén to second
2-2: Ground out 2-3 (Groundball, 25)
Bottom of the 8th over - 1 run(s), 1 hit(s), 0 error(s), 1 left on base; Alaskan 6 - Augusta 11
TOP OF THE 9TH
Alaskan Humpbacks batting - Pitching for Augusta Timber Hawks : RHP Tom Sosa
Pitching: RHP Francisco Valdés
Now at 1B: Chris Henry
Batting: RHB Juan García 0-0: Ball
1-0: Ball
2-0: Fly out, F4 (Line Drive, 4)
Batting: RHB Héctor Villarreal 0-0: Ball
1-0: Foul Ball, location: 2F
1-1: Called Strike
1-2: SINGLE (Line Drive, 6MD)
Batting: RHB Andrew Rowland 0-0: Ball
1-0: SINGLE (Line Drive, 8RS)
Héctor Villarreal to second
Batting: RHB Dave Farr 0-0: Ball
1-0: Ball
2-0: Called Strike
2-1: Called Strike
2-2: Strikes out swinging
Batting: LHB Guomez Nabeiro 0-0: Fly out, F9 (Popup, 34D)
Top of the 9th over - 0 run(s), 2 hit(s), 0 error(s), 2 left on base; Alaskan 6 - Augusta 11
This league is powered by Out of the Park Baseball, the baseball management simulation game for PC, Mac and Linux
Friday, January 22nd, 2016 - OOTP Baseball 16.9 Build 39